 Dungeon Crawl Stone Soup version 0.30-a0-310-g7d6cbdfea6 (webtiles) character file.

Game seed: 2612322786265486012

120288 sanka the Tortoise (level 16, -4/154 HPs)
             Began as an Armataur Berserker on Oct 23, 2022.
             Was a High Priest of Trog.
             Slain by a frost giant
             ... wielding a +0 battleaxe of freezing
              (11 damage)
             ... on level 15 of the Dungeon on Oct 24, 2022.
             The game lasted 00:53:23 (29413 turns).

sanka the Tortoise (Armataur Berserker)            Turns: 29413, Time: 00:53:24

Health: -4/154     AC: 33    Str: 33    XL:     16   Next: 29%
Magic:  16/16      EV: 10    Int: 10    God:    Trog [*****.]
Gold:   1221       SH:  0    Dex: 13    Spells: 15/15 levels left

rFire   + . .      SeeInvis .    T - +9 lajatang of Regicide {flame, Str+6}
rCold   + . .      Faith    +    (shield currently unavailable)
rNeg    . . .      Spirit   .    g - +2 ring mail {rC+}
rPois   +          Reflect  .    c - +2 hat of Paranoia {rPois Int+2}
rElec   +          Harm     .    Y - +1 cloak {Stlth+}
rCorr   .          Roll     +    e - +2 pair of gloves {Stlth+}
Will    +....                    W - +0 barding
Stlth   +++.......               O - amulet of Anarchy {Faith +Inv rElec rF+}
HPRegen 0.45/turn                K - +4 ring of protection
MPRegen 0.15/turn                M - +4 ring of protection

@: no status effects
A: large, rugged brown scales 3, deformed body, armoured tail, roll, long
tongue, awkward tongue
a: Renounce Religion, Evoke Invisibility, Berserk, Trog's Hand, Brothers in Arms


You were on level 15 of the Dungeon.
You worshipped Trog.
Trog was extremely pleased with you.
You visited 4 branches of the dungeon, and saw 23 of its levels.
You also visited: Gauntlet, Ice Cave and Volcano.

You collected 2395 gold pieces.
You spent 1174 gold pieces at shops.


Innate Abilities, Weirdness & Mutations

You are completely covered in rugged brown scales. (AC +3, +7% HP)
Armour fits poorly on your strangely shaped body.
You have a long armoured tail.
You roll when moving toward enemies. (Rampage)
Your long tongue fully drains potion bottles. (2x potion effects)
Your tongue gives you trouble enunciating. (1.5x scroll delay)


   Skills:
 + Level 13.3 Fighting
 - Level 14.6(15.9) Maces & Flails
 - Level 10.6(14.0) Staves
 - Level 15.0 Armour
 + Level 7.7 Dodging
 + Level 9.8 Evocations


You had 15 spell levels left.
You didn't know any spells.
Your spell library contained the following spells:

 Spells                   Type           Power      Damage    Failure   Level
 Sublimation of Blood     Necr           0%         N/A       56%         2
 Inner Flame              Hex/Fire       0%         N/A       80%         3
 Cause Fear               Hex            0%         N/A       99%         4
 Manifold Assault         Tloc           0%         N/A       99%         4
 Petrify                  Tmut/Erth      0%         N/A       99%         4
 Irradiate                Conj/Tmut      0%         3d11      100%        5
 Dispersal                Tloc           0%         N/A       100%        6
 Discord                  Hex            0%         N/A       100%        8
 Disjunction              Tloc           0%         N/A       100%        8
 Death's Door             Necr           0%         N/A       100%        9

Inventory:

Hand Weapons
 F - a +1 vorpal great mace
 T - the +9 lajatang of Regicide (weapon) {flame, Str+6}

   It burns those it strikes, dealing additional fire damage.
   Big, fiery blades are also staple armaments of hydra-hunters.
   Str:       It affects your strength (+6).
Missiles
 h - 2 curare-tipped darts {=f}
 o - 6 throwing nets {=f}
 P - 7 silver javelins
Armour
 c - the +2 hat of Paranoia (worn) {rPois Int+2}

   Int:       It affects your intelligence (+2).
   rPois:     It protects you from poison.
 e - a +2 pair of gloves of stealth (worn)
 g - a +2 ring mail of cold resistance (worn)
 W - a +0 barding (worn)
 Y - a +1 cloak of stealth (worn)
Jewellery
 K - a +4 ring of protection (left hand)
 M - a +4 ring of protection (right hand)
 O - the amulet of Anarchy (around neck) {Faith +Inv rElec rF+}

   [amulet of faith]

   It allows you to gain divine favour quickly.
   rF:        It protects you from fire.
   rElec:     It insulates you from electricity.
   +Inv:      It lets you turn invisible.
 Z - the ring "Xufemoninn" {rF+ Dex+6 Slay+2}

   [ring of dexterity]

   Dex:       It affects your dexterity (+6).
   Slay:      It affects your accuracy & damage with ranged weapons and melee
   (+2).
   rF:        It protects you from fire.
Wands
 n - a wand of paralysis (25)
 s - a wand of flame (44)
 t - a wand of digging (4)
 z - a wand of polymorph (17)
 A - a wand of iceblast (4)
 X - a wand of quicksilver (3)
Scrolls
 f - 7 scrolls of fog
 i - a scroll of brand weapon
 j - 12 scrolls of teleportation {@r4}
 l - 3 scrolls of magic mapping
 r - a scroll of immolation {!r}
 v - 6 scrolls of fear
 w - 3 scrolls of poison
 x - 5 scrolls of enchant weapon
 y - 6 scrolls of enchant armour
 B - 6 scrolls of vulnerability {!r}
 H - 4 scrolls of noise {!r}
 U - a scroll of blinking
 V - 2 scrolls of summoning
Potions
 b - 7 potions of might
 d - 14 potions of curing {@q1}
 k - 2 potions of mutation {!q}
 m - 3 potions of invisibility {unknown}
 p - 7 potions of heal wounds {@q2}
 q - 2 potions of magic {unknown}
 u - 3 potions of haste {@q3}
 C - 5 potions of ambrosia
 D - 2 potions of attraction {unknown}
 J - 2 potions of flight {unknown}
 L - 3 potions of lignification {unknown}
 N - 3 potions of berserk rage {unknown}
 R - a potion of cancellation {unknown}
 S - a potion of resistance
Miscellaneous
 a - a condenser vane

Dungeon Overview and Level Annotations

Branches:
Dungeon (15/15)            Temple (0/1) D:7            Lair (5/5) D:8
  Swamp (0/4) Lair:2       Spider (0/4) Lair:2        Slime (0/5) Lair:5
    Orc (2/2) D:9             Elf (0/3) Orc:2        Vaults (0/5) D:14
 Depths (1/4) D:15          IceCv (visited)         Volcano (visited)
Gauntlet (visited)

Altars:
Ashenzari
Dithmenos
Gozag
Hepliaklqana
Kikubaaqudgha
Okawaru
Trog
Wu Jian
Xom
Yredelemnul
The Shining One
Jiyva

Shops:
D:5 !   D:7 * Orc:2

*(:[ ..▒▒▒▒▒
▒.▒.▒.▒.▒▒▒.▒............ ..'...▒
▒.▒.▒.......▒.▒.......▒.. ..▒▒▒.▒
▒.▒.▒.▒▒▒▒▒▒▒.........▒.. ..▒ ▒.▒
▒.▒.▒▒▒.....▒▒▒...▒▒▒▒▒..
..▒▒▒.▒▒▒.▒.▒▒.......▒▒.......▒..
▒▒▒[......▒.▒..▒▒▒▒▒..▒..........
▒ ▒.▒.▒▒▒▒▒.▒..▒C..▒..▒...▒▒▒▒▒▒.
▒ ▒.▒.▒.....▒..'.C.▒..'...▒....▒.
▒ ▒.▒.▒.▒▒▒▒▒.÷▒HQ†▒..▒)[...▒▒.▒.
▒ ▒.▒...▒ ▒..▒▒▒▒▒..▒.......^▒. ▒
▒.▒▒▒▒▒▒▒▒▒▒.....†.▒▒........▒. ▒
▒..........▒▒.....▒▒▒....▒▒▒▒▒▒
▒▒▒▒▒▒▒▒▒▒▒▒.▒▒▒▒▒▒▒▒ ▒..........
.........!.▒.▒ ▒..[.......
..<...♣.▒▒.▒.▒ ▒.▒.▒▒▒▒▒▒▒
........▒▒.▒.▒ ▒▒▒▒▒▒....).....
..))....'..▒.▒ ▒........▒▒▒▒▒▒▒


You could see a frost giant, a stone giant and a tengu warrior.


Message History

* * * LOW HITPOINT WARNING * * *
The tengu warrior hits you but does no damage.
The tengu warrior pecks you but does no damage.
The tengu warrior claws you but does no damage.
The stone giant completely misses you.
You slice the stone giant!! You burn the stone giant!
The stone giant is almost dead.
The frost giant hits you with a +0 battleaxe of freezing!!
* * * LOW HITPOINT WARNING * * *
The frost giant freezes you.
* * * LOW HITPOINT WARNING * * *
Unknown command.
The frost giant attacks as you move away!
The frost giant hits you with a +0 battleaxe of freezing!
* * * LOW HITPOINT WARNING * * *
The frost giant freezes you.
* * * LOW HITPOINT WARNING * * *
The stone giant throws a large rock.
The large rock hits you.
* * * LOW HITPOINT WARNING * * *
The tengu warrior hits you with a +0 great sword!
* * * LOW HITPOINT WARNING * * *
The tengu warrior pecks you but does no damage.
The tengu warrior claws you but does no damage.
Things that are here:
a +0 troll leather armour; a +0 troll leather armour The frost giant attacks as you move away!
The frost giant hits you with a +0 battleaxe of freezing!
You die...

Action                   |  1- 3 |  4- 6 |  7- 9 | 10-12 | 13-15 | 16-18 || total
-------------------------+-------+-------+-------+-------+-------+-------++-------
Melee: Mace              |    71 |    84 |       |       |       |       ||   155
       Tailslap          |     9 |    24 |    43 |   107 |   158 |    23 ||   364
       Flail             |       |   139 |    31 |       |       |       ||   170
       Punch             |       |     1 |       |       |       |       ||     1
       Dire flail        |       |       |   242 |   613 |    37 |       ||   892
       Unarmed           |       |       |     5 |       |       |       ||     5
       Lajatang          |       |       |       |       |   919 |   107 ||  1026
Invok: Berserk           |     1 |     2 |     5 |     9 |     6 |     2 ||    25
       Trog's Hand       |     1 |       |       |     2 |     3 |     1 ||     7
Evoke: Wand              |       |       |       |       |     2 |       ||     2
       Condenser vane    |       |       |       |       |     1 |       ||     1
  Use: Scroll            |       |     7 |     3 |     4 |     5 |     1 ||    20
       Potion            |       |       |       |     1 |     1 |     3 ||     5
 Stab: Sleeping          |     1 |       |       |       |    10 |       ||    11
Armor: Animal skin       |    25 |    20 |       |       |       |       ||    45
       Ring mail         |       |   129 |   162 |   224 |   596 |   145 ||  1256
       Swamp dragon scal |       |       |       |    42 |       |       ||    42
Dodge: Dodged            |    31 |   141 |   139 |   166 |   300 |    86 ||   863

Levels and vault maps discovered:
D:1:      dpeg_arrival_fog, layout_loops_ring
D:2:      layout_basic, uniq_sigmund
D:3:      layout_basic, mainiacjoe_overflow_six_doors_small,
          nzn_wu_jian_council_hall, lemuel_crystal_altar,
          ebering_ghost_disaster_area, wad_floor_pattern_2,
          minmay_misc_feat_more_columns
D:4:      layout_basic, mainiacjoe_overflow_catwalk_spiral
D:5:      layout_cave_pods, gammafunk_ghost_grave, serial_shops,
          nicolae_take_the_stairs, uniq_blork_the_orc, uniq_eustachio,
          uniq_edmund
D:6:      layout_gridville, st_stairs_9, uniq_crazy_yiuf_cottage
D:7:      layout_loops_ring, general_overflow_altar,
          minmay_temple_entry_sparse_star, serial_shops, kennysheep_mini_moat
D:8:      layout_basic, lemuel_crystal_altar, hellmonk_lair_entry_icy
D:9:      layout_basic, david_orc_1_choice, uniq_joseph, uniq_erolcha
D:10:     layout_cave_pools, nicolae_tso_swordbearing_angel, kennysheep_mini,
          minmay_guarded_unrand_variability
D:11:     layout_loops_ring
D:12:     layout_loops_cross, ebering_ghost_reflecting_pool, uniq_gastronok
D:13:     layout_layer_cave, uniq_snorg
D:14:     layout_long_grid, lightli_vaults_fourway_checkpoint,
          kennysheep_big_empty_room, nicolae_water_bricks, dk_noncrumbling_4,
          nicolae_kikubaaqudgha_miasma_corner, uniq_jorgrun
D:15:     grunt_enter_depths_magical_seal, layout_basic, uniq_agnes, uniq_rupert
Lair:1:   gammafunk_cloud_chamber, layout_layer_cave, gauntlet_entry_generic
Lair:2:   layout_regular_city, swamp_mist_pool, spider_nest_entry_funnel_web,
          nicolae_volcano_entry_s_turn, uniq_harold
Lair:3:   layout_roguey, roderic_batcave, st_stairs_6
Lair:4:   layout_cellular_growth, columned_hall_lemuel,
          infiniplex_staircase_pool
Lair:5:   due_jungle_book, layout_gridlike, minmay_slime_entry_pillars,
          basic_altar
Orc:1:    layout_caves
Orc:2:    grunt_orc_gardens, layout_caves, grunt_orc_garden, grunt_orc_garden,
          grunt_orc_garden, grunt_orc_garden, portal_ice_cave_rime,
          minmay_orc_barracks, uniq_maurice
Depths:1: layout_cave_pools, enter_ziggurat_c, nicolae_qazlal_eye_of_the_storm,
          hell_entry, tgw_trog

Notes
Turn   | Place    | Note
-------+----------+-------------------------------------------
     0 | D:1      | sanka the Armataur Berserker began the quest for the Orb.
     0 | D:1      | Reached XP level 1. HP: 19/19 MP: 1/1
   103 | D:1      | Reached skill level 3 in Fighting
   103 | D:1      | Reached skill level 3 in Maces & Flails
   103 | D:1      | Reached XP level 2. HP: 27/27 MP: 2/2
   493 | D:1      | Reached ** piety under Trog
   533 | D:1      | Reached XP level 3. HP: 30/33 MP: 3/3
   833 | D:2      | Noticed Sigmund
   840 | D:2      | Killed Sigmund
   841 | D:2      | Reached skill level 5 in Maces & Flails
   841 | D:2      | Reached XP level 4. HP: 40/40 MP: 4/4
   841 | D:2      | Reached XP level 5. HP: 48/48 MP: 5/5
  1347 | D:2      | Reached skill level 6 in Maces & Flails
  1349 | D:2      | Reached XP level 6. HP: 54/54 MP: 6/6
  2097 | D:3      | Found an opulent altar of Gozag.
  2270 | D:3      | Found a large runed translucent door.
  2270 | D:3      | Found a large runed translucent door.
  2272 | D:3      | Noticed Sapher's ghost (weakling MeEE)
  2304 | D:3      | Reached *** piety under Trog
  2350 | D:3      | Found a hazy altar of Hepliaklqana.
  2417 | D:3      | Found an ornate altar of the Wu Jian Council.
  2846 | D:3      | Killed Sapher's ghost
  2976 | D:4      | Found a bloodstained altar of Trog.
  3116 | D:4      | Reached skill level 7 in Maces & Flails
  3364 | D:4      | Found a broken altar of Ashenzari.
  3421 | D:5      | Entered Level 5 of the Dungeon
  3459 | D:5      | Reached XP level 7. HP: 37/60 MP: 7/7
  3641 | D:5      | Reached skill level 8 in Maces & Flails
  3643 | D:5      | Found Virr's Distillery.
  3680 | D:5      | Noticed Edmund
  3693 | D:5      | Killed Edmund
  3781 | D:5      | Noticed Eustachio
  3871 | D:5      | Killed Eustachio
  3872 | D:5      | Reached skill level 9 in Maces & Flails
  3872 | D:5      | Reached XP level 8. HP: 56/67 MP: 8/8
  4007 | D:5      | Noticed Blork the orc
  4033 | D:5      | Killed Blork the orc
  4043 | D:5      | Found a runed translucent door.
  4043 | D:5      | Noticed Lanoc's ghost (novice OpCj)
  4095 | D:5      | Identified the +8 hand axe "Cybief" {freeze, Fragile rC+
                  | Str+3}
  4547 | D:5      | Killed Lanoc's ghost
  4548 | D:5      | Reached skill level 10 in Maces & Flails
  4650 | D:6      | Noticed a komodo dragon
  4671 | D:6      | Killed a komodo dragon
  4672 | D:6      | Reached skill level 11 in Maces & Flails
  4672 | D:6      | Reached XP level 9. HP: 73/73 MP: 9/9
  5170 | D:6      | Found a runed translucent door.
  5171 | D:6      | Noticed Crazy Yiuf
  5365 | D:6      | Killed Crazy Yiuf
  5494 | D:5      | Bought a potion of heal wounds for 60 gold pieces
  5494 | D:5      | Bought a potion of might for 48 gold pieces
  5494 | D:5      | Bought a potion of heal wounds for 60 gold pieces
  5494 | D:5      | Bought a potion of mutation for 96 gold pieces
  5602 | D:7      | Found an iron altar of Okawaru.
  5837 | D:7      | Found a staircase to the Ecumenical Temple.
  6048 | D:7      | Found Yclen's Assorted Antiques.
  6188 | D:8      | Reached skill level 12 in Maces & Flails
  6188 | D:8      | Reached **** piety under Trog
  6220 | D:8      | Found a basalt altar of Yredelemnul.
  6414 | D:8      | Reached skill level 13 in Maces & Flails
  6421 | D:8      | Identified a +0 robe of the Archmagi
  6443 | D:8      | Reached XP level 10. HP: 58/82 MP: 10/10
  6702 | D:8      | Found a staircase to the Lair.
  6796 | D:8      | Reached skill level 14 in Maces & Flails
  7188 | D:9      | Noticed Joseph
  7196 | D:9      | Killed Joseph
  7197 | D:9      | Reached skill level 3 in Armour
  7334 | D:9      | Reached skill level 4 in Fighting
  7450 | D:9      | Found a staircase to the Orcish Mines.
  7534 | D:9      | Reached skill level 4 in Armour
  7546 | D:9      | Reached skill level 5 in Fighting
  7699 | D:9      | Reached ***** piety under Trog
  7736 | D:9      | Noticed Erolcha
  7863 | D:9      | Killed Erolcha
  7864 | D:9      | Reached skill level 6 in Fighting
  7864 | D:9      | Reached skill level 5 in Armour
  8338 | D:10     | Entered Level 10 of the Dungeon
  8338 | D:10     | Noticed a gargoyle
  8347 | D:10     | Killed a gargoyle
  8351 | D:10     | Noticed a gargoyle
  8379 | D:10     | Reached XP level 11. HP: 91/97 MP: 11/11
  8379 | D:10     | Found a shadowy altar of Dithmenos.
  8387 | D:10     | Reached skill level 6 in Armour
  8608 | D:10     | Found a glowing golden altar of the Shining One.
  8674 | D:10     | Reached skill level 7 in Fighting
  8691 | D:10     | Found the +7 mace of Variability {chain chaos}
  8692 | D:10     | Found a shimmering altar of Xom.
  9234 | D:11     | Reached skill level 7 in Armour
  9271 | D:11     | Reached skill level 8 in Fighting
  9289 | D:11     | Noticed a boulder beetle
  9314 | D:11     | Killed a boulder beetle
  9422 | D:11     | Noticed a two-headed ogre
  9431 | D:11     | Killed a two-headed ogre
  9627 | D:11     | Reached skill level 8 in Armour
  9802 | D:7      | Bought a pair of glowing gloves for 120 gold pieces
 10250 | Lair:1   | Entered Level 1 of the Lair of Beasts
 10268 | Lair:1   | Reached skill level 9 in Fighting
 10282 | Lair:1   | Found a transporter.
 10330 | Lair:1   | Found a transporter.
 10419 | Lair:1   | Found a gate leading to a gauntlet.
 10428 | Gauntlet | Entered a Gauntlet
 10428 | Gauntlet | Found a transporter.
 10431 | Gauntlet | Found a transporter.
 10434 | Gauntlet | Noticed a reaper
 10438 | Gauntlet | Found a transporter.
 10438 | Gauntlet | Noticed an entropy weaver
 10443 | Gauntlet | Found a transporter.
 10449 | Gauntlet | Found a transporter.
 10449 | Gauntlet | Found a transporter.
 10449 | Gauntlet | Found a runed translucent gate.
 10450 | Gauntlet | Found a runed translucent gate.
 10451 | Gauntlet | Found a transporter.
 10451 | Gauntlet | Noticed a fire crab
 10454 | Gauntlet | Found a transporter.
 10520 | Gauntlet | Found a transporter.
 10521 | Gauntlet | Noticed a blizzard demon
 10536 | Gauntlet | Found a transporter.
 10540 | Gauntlet | Found a transporter.
 10546 | Gauntlet | Noticed a ghost crab
 10558 | Gauntlet | Found a transporter.
 10569 | Gauntlet | Noticed a death drake
 10570 | Gauntlet | Found a runed translucent gate.
 10641 | Gauntlet | Killed a reaper
 10736 | Gauntlet | Killed a fire crab
 10882 | Gauntlet | Identified the amulet of Anarchy {Faith +Inv rElec rF+}
 10882 | Gauntlet | Noticed a minotaur
 10898 | Gauntlet | Killed a minotaur
 10899 | Gauntlet | Reached skill level 10 in Fighting
 10899 | Gauntlet | Reached skill level 9 in Armour
 10899 | Gauntlet | Reached XP level 12. HP: 113/113 MP: 5/12
 10948 | Gauntlet | Got A Thorough Guide to Thaumaturgy
 11080 | Lair:1   | Reached skill level 10 in Armour
 12144 | Lair:1   | Identified the +0 pair of gloves of Emexkyliw {-Tele Str+3
                  | Slay+2}
 12151 | Lair:1   | Reached skill level 1 in Evocations
 12229 | Lair:1   | Identified +0 swamp dragon scales
 12230 | Lair:1   | Reached skill level 2 in Dodging
 12235 | Lair:1   | Reached skill level 2 in Evocations
 12423 | Lair:2   | Identified the +9 lajatang of Regicide {flame, Str+6} (Trog
                  | gifted it to you on level 2 of the Lair of Beasts)
 12423 | Lair:2   | Received a gift from Trog
 12542 | Lair:2   | Reached skill level 3 in Evocations
 12558 | Lair:2   | Found a staircase to the Swamp.
 12592 | Lair:2   | Reached skill level 3 in Dodging
 12705 | Lair:2   | Found a dark tunnel.
 12776 | Volcano  | Entered a volcano
 12821 | Volcano  | Reached skill level 11 in Armour
 12824 | Volcano  | Identified the +2 hat of Paranoia {rPois Int+2}
 12913 | Volcano  | Noticed a stone giant
 12921 | Volcano  | Killed a stone giant
 13040 | Volcano  | Upgraded the game from 0.30-a0-305-g026cb31310 to
                  | 0.30-a0-310-g7d6cbdfea6
 13231 | Lair:2   | Noticed Harold
 13241 | Lair:2   | Killed Harold
 13242 | Lair:2   | Reached skill level 4 in Evocations
 13262 | Lair:2   | Noticed a four-headed hydra
 13342 | Lair:1   | Killed a four-headed hydra
 13808 | Lair:2   | Reached XP level 13. HP: 113/123 MP: 8/13
 14192 | Lair:2   | Found a hole to the Spider Nest.
 14470 | Lair:3   | Reached skill level 1 in Staves
 14650 | Lair:3   | Reached skill level 2 in Staves
 14702 | Lair:3   | Reached skill level 3 in Staves
 15298 | Lair:4   | Reached skill level 4 in Staves
 15467 | Lair:4   | Reached skill level 5 in Staves
 16070 | Lair:4   | Reached skill level 6 in Staves
 16415 | Lair:4   | Reached skill level 7 in Staves
 16810 | Lair:5   | Entered Level 5 of the Lair of Beasts
 16819 | Lair:5   | Reached skill level 8 in Staves
 16903 | Lair:5   | Received a gift from Trog
 16953 | Lair:5   | Identified the +8 falchion "Zorryaj" {venom, Int+4}
 17013 | Lair:5   | Found a staircase to the Slime Pits.
 17013 | Lair:5   | Found a viscous altar of Jiyva.
 17073 | Lair:5   | Reached skill level 9 in Staves
 17120 | Lair:5   | Found an ornate altar of the Wu Jian Council.
 17293 | Lair:5   | Reached XP level 14. HP: 130/130 MP: 2/14
 17445 | Lair:5   | Reached skill level 10 in Staves
 18154 | Lair:5   | Reached skill level 4 in Dodging
 18269 | Lair:5   | Reached skill level 11 in Fighting
 18440 | Lair:5   | Identified the ring "Xufemoninn" {rF+ Dex+6 Slay+2}
 18503 | Lair:5   | Reached skill level 5 in Evocations
 18508 | Lair:5   | Reached ****** piety under Trog
 18811 | Lair:5   | Identified the +0 pair of boots "Jorocuna" {Regen+ Int+4}
 18840 | Lair:5   | Reached skill level 12 in Armour
 19266 | Orc:1    | Entered Level 1 of the Orcish Mines
 19433 | Orc:1    | Received a gift from Trog
 19866 | Orc:2    | Entered Level 2 of the Orcish Mines
 19879 | Orc:2    | Noticed Maurice
 19891 | Orc:2    | Killed Maurice
 19908 | Orc:2    | Found a frozen archway.
 19945 | IceCv    | Entered an ice cave
 20176 | IceCv    | Reached skill level 6 in Evocations
 20311 | IceCv    | Reached skill level 5 in Dodging
 20594 | Orc:2    | Found Iciv's Antique Weapon Shoppe.
 20595 | Orc:2    | Noticed a stone giant
 20602 | Orc:2    | Killed a stone giant
 20703 | Orc:2    | Found Yquvusch's Antique Armour Shoppe.
 20729 | Orc:2    | Received a gift from Trog
 20993 | Orc:2    | Found Xenoafel's Book Shoppe.
 20993 | Orc:2    | HP: 9/133 [cyclops (18)]
 21382 | Orc:2    | Found Elulutwo's General Store.
 21389 | Orc:2    | Found a staircase to the Elven Halls.
 21425 | Orc:2    | Reached skill level 7 in Evocations
 21687 | Orc:2    | Reached XP level 15. HP: 128/140 MP: 9/15
 21880 | Orc:1    | Reached skill level 13 in Armour
 22437 | Orc:2    | Bought a glowing lajatang for 558 gold pieces
 22466 | Orc:2    | Bought a pair of runed gloves for 232 gold pieces
 22613 | D:12     | Noticed Gastronok
 22636 | D:12     | Killed Gastronok
 22637 | D:12     | Reached skill level 12 in Fighting
 23091 | D:12     | Received a gift from Trog
 23180 | D:12     | Found a runed translucent door.
 23185 | D:12     | Noticed Pinwier's ghost (journeyman MiBe)
 23336 | D:12     | Killed Pinwier's ghost
 23490 | D:13     | Noticed Snorg
 23503 | D:13     | Killed Snorg
 23504 | D:13     | Reached skill level 6 in Dodging
 24552 | D:13     | Reached skill level 8 in Evocations
 24965 | D:14     | Found a gate to the Vaults.
 25515 | D:14     | Reached skill level 14 in Armour
 25681 | D:14     | Noticed Jorgrun
 25688 | D:14     | Killed Jorgrun
 26023 | D:14     | Found an ancient bone altar of Kikubaaqudgha.
 26260 | D:15     | Entered Level 15 of the Dungeon
 26414 | D:15     | Noticed Agnes
 26429 | D:15     | Killed Agnes
 26733 | D:15     | Reached skill level 7 in Dodging
 26977 | D:15     | Noticed Rupert
 26999 | D:15     | Killed Rupert
 27000 | D:15     | Reached skill level 9 in Evocations
 27226 | D:15     | Received a gift from Trog
 27495 | D:15     | Found a staircase to the Depths.
 27505 | D:15     | Reached XP level 16. HP: 133/147 MP: 16/16
 27515 | D:15     | Reached skill level 13 in Fighting
 27813 | Depths:1 | Entered Level 1 of the Depths
 27826 | D:15     | HP: 7/153 [iron troll (18)]
 28464 | Depths:1 | Noticed a lich
 28583 | D:15     | HP: 12/154 [deep troll (5)]
 28984 | D:15     | Reached skill level 15 in Armour
 29412 | D:15     | HP: 7/154 [tengu warrior/+0 great sword (9)]
 29413 | D:15     | Slain by a frost giant

Vanquished Creatures
  Jorgrun (D:14)
  Rupert (D:15)
  Gastronok (D:12)
  Agnes (D:15)
  2 orc warlords
  A reaper (Gauntlet)
  2 stone giants
  6 very ugly things (D:15)
  The ghost of Pinwier the Warrior, a journeyman MiBe of Trog (D:12)
  4 dire elephants (Lair:5)
  A minotaur (Gauntlet)
  Snorg (D:13)
  4 ettins
  A fire dragon (D:15)
  Erolcha (D:9)
  4 vault guards
  A rakshasa (D:15)
  6 hydras
  Harold (Lair:2)
  3 catoblepae
  4 boulder beetles
  4 two-headed ogres
  7 centaur warriors
  A deep troll earth mage (D:15)
  3 deep troll shamans (D:15)
  4 death yaks
  3 tengu warriors
  A fire crab (Gauntlet)
  A fire crab (shapeshifter) (D:13)
  2 iron trolls (D:15)
  A spectral anaconda (Lair:5)
  2 swamp dragons (Lair:1)
  4 deep trolls (D:15)
  A bog body (IceCv)
  An obsidian statue (Lair:5)
  2 wizards (D:15)
  A wolf spider (Lair:2)
  5 necromancers
  7 ugly things
  6 deep elf pyromancers
  12 cyclopes
  3 orc sorcerers
  A manticore (D:11)
  An oklob plant (Lair:4)
  A centaur zombie (D:15)
  2 black mambas
  22 elephants
  Joseph (D:9)
  A dire elephant zombie (Lair:5)
  Maurice (Orc:2)
  A naga mage (D:15)
  3 torpor snails
  2 ice statues (IceCv)
  6 gargoyles
  16 cane toads
  6 rime drakes
  11 komodo dragons
  2 kobold demonologists (D:12)
  2 centaur skeletons (D:15)
  A yaktaur (D:13)
  5 anaconda simulacra (IceCv)
  An efreet (Volcano)
  A freezing wraith (D:14)
  3 unseen horrors
  The ghost of Lanoc the Conjurer, a novice OpCj of Dithmenos (D:5)
  5 ice devils (IceCv)
  2 tengu conjurers (D:12)
  A hellwing (Gauntlet)
  4 trolls
  3 polar bears
  2 hornets (D:9)
  5 slime creatures
  11 blink frogs
  A spectral elephant (Lair:5)
  2 jumping spiders (Lair:2)
  Sigmund (D:2)
  A shapeshifter (D:15)
  A vampire (D:11)
  3 wyverns
  A wraith (D:11)
  A shadow (D:13)
  2 water elementals (D:15)
  Eustachio (D:5)
  A fire elemental (Volcano)
  39 yaks
  A yak (shapeshifter) (D:14)
  3 fire bats (Gauntlet)
  3 chaos spawn (D:10)
  2 dire elephant simulacra
  5 death yak simulacra
  A redback simulacrum (D:15)
  3 vampire mosquitoes (D:12)
  4 basilisks
  4 wargs
  Edmund (D:5)
  2 harpy simulacra (IceCv)
  2 spectral cane toads (Lair:5)
  10 water moccasins
  A hell hound (Gauntlet)
  2 hydra simulacra (IceCv)
  2 black bears (D:6)
  An elephant zombie (Lair:5)
  4 ice beasts
  3 ogres
  13 orc warriors
  6 wolves
  8 centaurs
  An elephant skeleton (Lair:5)
  2 phantoms
  3 kobold brigands
  Blork the orc (D:5)
  A necrophage (D:6)
  2 earth elementals (Volcano)
  9 bullfrogs
  2 scorpions
  2 cane toad simulacra (Lair:5)
  9 wights (D:8)
  6 killer bees
  An elephant simulacrum (IceCv)
  2 vampire bats (Lair:3)
  4 howler monkeys
  Crazy Yiuf (D:6)
  3 hounds
  4 jellies
  17 orc priests
  A gnoll bouda (D:4)
  15 orc wizards
  2 spriggan simulacra (IceCv)
  5 adders
  7 gnolls
  A shadow imp (Gauntlet)
  A white imp (IceCv)
  2 ufetubi
  4 worms
  The ghost of Sapher the Digger, a weakling MeEE (D:3)
  3 dart slugs
  74 orcs
  11 ball pythons
  11 bats
  9 endoplasms
  2 giant cockroaches
  9 goblins
  6 hobgoblins
  9 jackals
  4 quokkas
  5 frilled lizards
  27 kobolds
  7 rats
663 creatures vanquished.

Vanquished Creatures (others)
  A tengu conjurer (D:15)
  16 fungi
  16 plants
  12 withered plants
45 creatures vanquished.

Grand Total: 708 creatures vanquished
